 Dungeon Crawl Stone Soup version 0.30-a0-920-g7493c07aab (webtiles) character file.

Game seed: 124809540440723261

17 Strat the Chopper (level 2, 25/25 HPs)
             Began as a Hill Orc Reaver on Mar 21, 2023.
             Was a Follower of Sif Muna.
             Quit the game on level 1 of the Dungeon.
             The game lasted 00:01:29 (1032 turns).

Strat the Chopper (Hill Orc Reaver)                 Turns: 1032, Time: 00:01:30

Health: 25/25      AC:  3    Str: 14    XL:     2   Next: 62%
Magic:  4/4        EV: 11    Int: 13    God:    Sif Muna [*.....]
Gold:   46         SH:  0    Dex:  9    Spells: 3/4 levels left

rFire   . . .      SeeInvis .    a - +0 hand axe
rCold   . . .      Faith    .    (no shield)
rNeg    . . .      Spirit   .    b - +0 leather armour
rPois   .          Reflect  .    (no helmet)
rElec   .          Rampage  .    (no cloak)
rCorr   .                        (no gloves)
Will    .....                    (no boots)
Stlth   +                        (no amulet)
HPRegen 0.24/turn                (no ring)
MPRegen 0.09/turn                (no ring)

@: no status effects
A: no striking features
a: Renounce Religion, Channel Magic


You were on level 1 of the Dungeon.
You worshipped Sif Muna.
Sif Muna was aware of your devotion.
You visited 1 branch of the dungeon, and saw 1 of its levels.

You collected 46 gold pieces.

Inventory:

Hand Weapons
 a - a +0 hand axe (weapon)
Armour
 b - a +0 leather armour (worn)
 g - a +0 buckler
Scrolls
 c - a scroll of silence {unknown}
 e - a scroll of vulnerability {unknown}
 f - a scroll of poison {unknown}
 h - a scroll of identify {unknown}
Potions
 d - a potion of might {unknown}


   Skills:
 - Level 2.4 Fighting
 + Level 5.2 Axes
 - Level 1.5 Dodging
 - Level 1.5 Spellcasting
 - Level 3.0 Conjurations


You had 3 spell levels left.
You knew the following spells:

 Your Spells              Type           Power      Damage    Failure   Level
a - Kiss of Death         Conj/Necr      16%        2d6       19%         1

Your spell library contained the following spells:

 Spells                   Type           Power      Damage    Failure   Level
 Momentum Strike          Conj/Tloc      8%         3d8       28%         2
 Hailstorm                Conj/Ice       4%         3d4       50%         3


Dungeon Overview and Level Annotations

Branches:
Dungeon (1/15)

Altars:
Sif Muna


Message History

You see here a rat corpse.
You see here a +0 dagger.
Found 2 poisoned darts.
You see here a +0 dagger.
There is an open door here.
Found a short sword.
An endoplasm comes into view.
The endoplasm quivers.
The endoplasm barely misses you.
You hit the endoplasm but do no damage.
The endoplasm hits you but does no damage.
The endoplasm hits you.
You hit the endoplasm.
The endoplasm is severely wounded.
The endoplasm freezes you.
You are frozen.
You hit the endoplasm.
You kill the endoplasm!
No target in view!
No target in view!
You open the door.
There is an open door here.
Found 6 stones.
You open the door.
You enter the shallow water.
Moving in this stuff is going to be slow.
You enter the shallow water.
Moving in this stuff is going to be slow.
Done exploring.
Done exploring.
Search for what [Enter for "altar", or ? for help]?
You enter the shallow water.
Moving in this stuff is going to be slow.
You see here a +0 dagger.
There is a faded altar of an unknown god here.
This altar belongs to (a) Okawaru, (b) Sif Muna or (c) Elyvilon, but you can't tell which.
Press the corresponding letter to learn more about a god, or press enter to convert or escape to cancel.
Sif Muna accepts your prayer! Sif Muna welcomes you!
You can now call upon Sif Muna for magical energy.
Are you sure you want to abandon this character and quit the game? (Confirm with "yes".)

#####.##>...............
#.##.#.#...........#
##.##.#.#.#.######..#
#.........#.######..#
#....................
#.##.......)....##..#
#.##..#...#.###.##..#
#...§.....#.# #.##..#
#§#.@.......# #.##..#
#.#..§#.....###.##..#
#.##..#......##.##...
#.##..#......##.##...
###............##.##...
#####......................
#..........................
#######.##..#..#....#.####.
######.##..#..#.........+.


There were no monsters in sight!

Vanquished Creatures
  An endoplasm (D:1)
  2 quokkas (D:1)
  3 ball pythons (D:1)
  3 bats (D:1)
  A frilled lizard (D:1)
  3 goblins (D:1)
  2 kobolds (D:1)
  3 rats (D:1)
18 creatures vanquished.

Notes
Turn   | Place    | Note
-------+----------+-------------------------------------------
     0 | D:1      | Strat the Hill Orc Reaver began the quest for the Orb.
     0 | D:1      | Reached XP level 1. HP: 18/18 MP: 3/3
   245 | D:1      | Reached XP level 2. HP: 25/25 MP: 4/4
   254 | D:1      | Found a faded altar of an unknown god.
   450 | D:1      | Reached skill level 5 in Axes
  1031 | D:1      | Prayed at the altar of an unknown god.
  1031 | D:1      | Became a worshipper of Sif Muna the Loreminder
  1031 | D:1      | Reached * piety under Sif Muna
  1032 | D:1      | Quit the game

Illustrated notes

Levels and vault maps discovered:
D:1:      dpeg_arrival_arbitrary_b, layout_basic, ebering_ecumenical_altar_mist,
          minmay_misc_feat_rows, serial_bayou_crossing

Skill      XL: |  1  2 |
---------------+-------+-----
Axes           | 5 |  5.2
Fighting       | |  2.4
Dodging        | |  1.5
Spellcasting   | |  1.5
Conjurations   | |  3.0

Action                     || total
---------------------------++-------
  Melee: Hand axe          ||    62
 Armour: Leather armour    ||    29
  Dodge: Dodged            ||    46

Table legend: (Time is in decaauts)
 A = Elapsed time spent in this place.
 B = Non-inter-level travel time spent in this place.
 C = Inter-level travel time spent in this place.
 D = Time resting spent in this place.
 E = Time spent auto-exploring this place.
 F = Levels seen in this place.
 G = Mean time per level.
                   A        B        C        D        E       F      G
               +--------+--------+--------+--------+--------+-----+--------+
         Total |   1043 |    997 |     46 |     40 |    813 |   1 | 1043.0 |
       Dungeon |   1043 |    997 |     46 |     40 |    813 |   1 | 1043.0 |
               +--------+--------+--------+--------+--------+-----+--------+

Top non-repeatable levels by time:
     D:1: 1043 daAuts
